 Dungeon Sprint DCSS version 0.26-a0-1181-gd376ed14c5 (webtiles) character file.

Game seed: 16944688263997281101

760 rocky1 the Transmogrifier (level 7, -6/50 HPs)
             Began as an Octopode Transmuter on Dec 26, 2020.
             Was a High Priest of Cheibriados.
             Mangled by an ice beast (14 damage)
             ... in the Dungeon (Sprint VII: "The Pits").
             The game lasted 00:05:35 (1082 turns).

rocky1 the Transmogrifier (Octopode Transmuter)     Turns: 1082, Time: 00:05:36

Health: -6/50      AC:  1    Str: 23    XL:     7   Next: 80%
Magic:  8/14       EV: 18    Int: 31    God:    Cheibriados [*****.]
Gold:   0          SH:  0    Dex: 27    Spells: 4/15 levels left

rFire    . . .     SeeInvis .     - Unarmed
rCold    . . .     Faith    .   (shield currently unavailable)
rNeg     . . .     Spirit   .   (helmet restricted)
rPois    .         Reflect  .   (no amulet)
rElec    .         Harm     .   (no ring)
rCorr    .         Rampage  .   (no ring)
Will     .....     NoTele   +   (no ring)
Stlth    ++++++....             (no ring)
HPRegen  0.16/turn              (no ring)
MPRegen  0.14/turn              (no ring)
                                (no ring)
                                (no ring)

@: blade tentacles, wereblooded, very slow
A: almost no armour, stealthy swim, amphibious, 8 rings, constrict 8, camouflage
1, gelatinous body 1
a: End Transformation, Renounce Religion, Bend Time, Temporal Distortion,
Slouch, Step From Time


You were in the Dungeon.
You worshipped Cheibriados.
Cheibriados was extremely pleased with you.
You had blades for tentacles.
You visited 1 branch

Inventory:

Scrolls
 g - a scroll of blinking
 h - 3 scrolls of remove curse
 i - 5 scrolls of amnesia
 j - a scroll of summoning
Potions
 a - 2 potions of invisibility
 b - a potion of heal wounds
 c - 4 potions of curing
 d - a potion of haste
 e - 4 potions of magic
 f - 3 potions of berserk rage


   Skills:
 + Level 5.0 Fighting
 + Level 5.3 Dodging
 + Level 8.3 Stealth
 + Level 5.7 Unarmed Combat
 + Level 4.9 Spellcasting
 + Level 10.9 Transmutations
 + Level 5.2 Invocations


You had 4 spell levels left.
You knew the following spells:

 Your Spells              Type           Power        Failure   Level
a - Beastly Appendage     Tmut           100%         6%          1
b - Blade Hands           Tmut           33%          21%         5
c - Wereblood             Tmut           66%          7%          2
d - Spider Form           Tmut/Pois      20%          21%         3

Your spell library contained the following spells:

 Spells                   Type           Power        Failure   Level
 Ice Form                 Ice/Tmut       41%          36%         4


Dungeon Overview and Level Annotations

Branches:
Dungeon (1/1)

Altars:
Ashenzari
Cheibriados
Dithmenos
Elyvilon
Fedhas
Gozag
Hepliaklqana
Kikubaaqudgha
Makhleb
Nemelex Xobeh
Okawaru
Qazlal
Ru
Sif Muna
Trog
Uskayaw
Vehumet
Wu Jian
Xom
Yredelemnul
Zin
The Shining One
Beogh
Jiyva
Lugonu


Innate Abilities, Weirdness & Mutations

You cannot wear most types of armour.
You are very stealthy in the water. (Stealth+)
You are amphibious.
You can wear up to eight rings at the same time.
You can use your tentacles to constrict eight enemies at once.
Your skin changes colour to match your surroundings (Stealth+).
Your rubbery body absorbs attacks. (AC +1, EV +1)


Message History

Cheibriados appreciates the change of pace.
The ice beast hits you. The ice beast freezes you! The ice beast hits you.
The ice beast freezes you!
There is an open door here.
You see here an orc corpse.
You hit the ice beast. Your squeeze misses the ice beast.
The ice beast is lightly wounded.
The ice beast misses you.
You hit the ice beast but do no damage. Your slash misses the ice beast.
You squeeze the ice beast.
The ice beast is lightly wounded.
The ice beast hits you. The ice beast freezes you!
* * * LOW HITPOINT WARNING * * *
You slash the ice beast!
The ice beast is heavily wounded.
You howl as the wereblood boils in your veins!
The ice beast hits you.
* * * LOW HITPOINT WARNING * * *
The ice beast freezes you!
You die...

#.#.....#[[##.......#
#)####)##'###...<...#
#.#........##.......#
#)#........##.......#
#)###########.......#
#.......#o. #########
#..###..#o#
#.......#Y#
##.###.##@#
#.......#.+
#..###..#)#
#.......'.#
###########


You could see an ice beast and 2 orcs.

Vanquished Creatures
  A kobold demonologist (D)
  A water moccasin (D)
  An ice beast (D)
  A phantom (D)
  A gnoll sergeant (D)
  An iron imp (D)
  3 worker ants (D)
  5 gnolls (D)
  2 oozes (D)
  A leopard gecko (D)
  2 orcs (D)
  A goblin (D)
  A hobgoblin (D)
  A frilled lizard (D)
  A kobold (D)
23 creatures vanquished.

Notes
Turn   | Place    | Note
-------+----------+-------------------------------------------
     0 | D        | rocky1 the Octopode Transmuter began the quest for the Orb.
     0 | D        | Reached XP level 1. HP: 13/13 MP: 3/3
    40 | D        | Found a bloodstained altar of Trog.
    40 | D        | Found a shimmering blue altar of Sif Muna.
    40 | D        | Found a viscous altar of Jiyva.
    40 | D        | Found a hazy altar of Hepliaklqana.
    40 | D        | Found an opulent altar of Gozag.
    41 | D        | Found a glowing golden altar of the Shining One.
    41 | D        | Found a glowing silver altar of Zin.
    41 | D        | Found a basalt altar of Yredelemnul.
    41 | D        | Found a shimmering altar of Xom.
    41 | D        | Found an ornate altar of the Wu Jian Council.
    41 | D        | Found a sacrificial altar of Ru.
    41 | D        | Found a stormy altar of Qazlal.
    41 | D        | Found an iron altar of Okawaru.
    41 | D        | Found a sparkling altar of Nemelex Xobeh.
    41 | D        | Found a burning altar of Makhleb.
    41 | D        | Found a blossoming altar of Fedhas.
    41 | D        | Found a white marble altar of Elyvilon.
    41 | D        | Found a shadowy altar of Dithmenos.
    41 | D        | Found a snail-covered altar of Cheibriados.
    43 | D        | Found a radiant altar of Vehumet.
    43 | D        | Found a corrupted altar of Lugonu.
    43 | D        | Found a roughly hewn altar of Beogh.
    44 | D        | Found a hide-covered altar of Uskayaw.
    44 | D        | Found an ancient bone altar of Kikubaaqudgha.
    44 | D        | Found a broken altar of Ashenzari.
    52 | D        | Became a worshipper of Cheibriados the Contemplative
    70 | D        | Noticed a worker ant
    74 | D        | Killed a worker ant
    75 | D        | Reached skill level 6 in Transmutations
    75 | D        | Reached XP level 2. HP: 12/18 MP: 3/5
    75 | D        | Reached XP level 3. HP: 16/23 MP: 3/6
   178 | D        | Reached * piety under Cheibriados
   233 | D        | Noticed a water moccasin
   244 | D        | Killed a water moccasin
   244 | D        | Reached ** piety under Cheibriados
   245 | D        | Reached skill level 9 in Transmutations
   245 | D        | Reached XP level 4. HP: 19/28 MP: 5/7
   245 | D        | Reached XP level 5. HP: 23/33 MP: 5/8
   253 | D        | Reached *** piety under Cheibriados
   519 | D        | Learned a level 5 spell: Blade Hands
   522 | D        | Learned a level 2 spell: Wereblood
   553 | D        | Noticed an ice beast
   561 | D        | Noticed a phantom
   573 | D        | Reached **** piety under Cheibriados
   574 | D        | Reached skill level 5 in Stealth
   574 | D        | Reached skill level 1 in Invocations
   582 | D        | Killed an ice beast
   583 | D        | Reached skill level 10 in Transmutations
   583 | D        | Reached XP level 6. HP: 18/41 MP: 4/10
   589 | D        | Reached ***** piety under Cheibriados
   603 | D        | Killed a phantom
   604 | D        | Reached skill level 5 in Unarmed Combat
   604 | D        | Reached XP level 7. HP: 5/48 MP: 2/13
   972 | D        | Learned a level 3 spell: Spider Form
   994 | D        | Noticed a kobold demonologist
   997 | D        | Noticed a sixfirhy
  1006 | D        | Killed a kobold demonologist
  1007 | D        | Reached skill level 5 in Fighting
  1007 | D        | Reached skill level 5 in Dodging
  1007 | D        | Reached skill level 5 in Invocations
  1082 | D        | Mangled by an ice beast

Illustrated notes

Levels and vault maps discovered:
D:        pitsprint [storerooms_1, entrance_room_1, metal_vault_4, armoury_3,
          mini_pit_1, grid_room_1, main_hall_1, silver_pit, the_coven_1,
          the_vestibule_1, steel_vault_1, golden_pit, hallway_of_sentries,
          crystal_vault_6, iron_vault_5, final_vault]

Skill      XL: |  1  2  3  4  5  6  7 |
---------------+----------------------+-----
Transmutations | 6 9 10 | 10.9
Stealth        | 4 5 7 8 |  8.3
Invocations    | 2 4 5 |  5.2
Fighting       | 2 4 5 |  5.0
Dodging        | 3 4 5 |  5.3
Unarmed Combat | 4 5 |  5.7
Spellcasting   | 3 4 |  4.9

Action                   |  1- 3 |  4- 6 |  7- 9 || total
-------------------------+-------+-------+-------++-------
Melee: Unarmed           |    17 |    37 |    18 ||    72
       Tentacles         |     6 |     5 |     4 ||    15
       Constrict         |     4 |     8 |     4 ||    16
       Kick              |     7 |     7 |    12 ||    26
       Punch             |     1 |     2 |     5 ||     8
 Cast: Beastly Appendage |     3 |     1 |     1 ||     5
       Blade Hands       |       |     2 |     1 ||     3
       Wereblood         |       |       |     1 ||     1
  Use: Potion            |     1 |     6 |       ||     7
 Stab: Sleeping          |     1 |       |     1 ||     2
Armor: Skin              |     1 |     5 |     5 ||    11
Dodge: Dodged            |    12 |    16 |    40 ||    68

Table legend: (Time is in decaauts)
 A = Elapsed time spent in this place.
 B = Non-inter-level travel time spent in this place.
 C = Inter-level travel time spent in this place.
 D = Time resting spent in this place.
 E = Time spent auto-exploring this place.
 F = Levels seen in this place.
 G = Mean time per level.
                   A        B        C        D        E       F      G
               +--------+--------+--------+--------+--------+-----+--------+
         Total |   1144 |   1144 |      0 |    806 |      0 |   1 | 1144.0 |
       Dungeon |   1144 |   1144 |      0 |    806 |      0 |   1 | 1144.0 |
               +--------+--------+--------+--------+--------+-----+--------+

Top non-repeatable levels by time:
       D: 1144 daAuts
